 Dungeon Crawl Stone Soup version 0.20.1-1-g8b1a95d (webtiles) character file.

228 t3hbunneh the Skirmisher (level 5, -3/42 HPs)
             Began as a Demonspawn Fighter on Oct 26, 2017.
             Killed by divine providence
             ... invoked by an orc priest
              (13 damage)
             ... on level 3 of the Dungeon.
             The game lasted 00:06:46 (1998 turns).

t3hbunneh the Skirmisher (Demonspawn Fighter)       Turns: 1998, Time: 00:06:47

Health: -3/42      AC:  6    Str: 23    XL:     5   Next: 70%
Magic:  5/5        EV:  8    Int:  9    God:
Gold:   187        SH: 13    Dex: 12    Spells: 4/4 levels left

rFire    . . .     SeeInvis .   a - +0 war axe
rCold    . . .     Gourm    .   c - +0 shield
rNeg     . . .     Faith    .   b - +0 scale mail
rPois    .         Spirit   .   (helmet restricted)
rElec    .         Reflect  .   (no cloak)
rCorr    .         Harm     .   (no gloves)
MR       .....                  (no boots)
Stlth    ..........             (no amulet)
Regen    0.2/turn               (no ring)
MPRegen  0.1/turn               (no ring)

@: mighty, lethally poisoned (-3 -> -19)
A: antennae 1, hooves 1, large bone plates 1, evolution 1
a: no special abilities


You were on level 3 of the Dungeon.
You were not hungry.

You visited 1 branch of the dungeon, and saw 3 of its levels.

You collected 187 gold pieces.

Inventory:

Hand Weapons
 a - a +0 war axe (weapon)
Missiles
 e - 7 tomahawks (quivered)
Armour
 b - a +0 scale mail (worn)
 c - a +0 shield (worn)
 n - a cursed +0 chain mail
 o - a +1 cloak of invisibility
Jewellery
 j - an uncursed ring of wizardry {unknown}
Scrolls
 l - a scroll of remove curse
Potions
 d - a potion of might
 k - 2 potions of berserk rage
Comestibles
 f - 5 bread rations
 g - 2 royal jellies
 h - 2 meat rations
 i - a chunk of flesh


   Skills:
 + Level 4.2 Fighting
 + Level 4.2 Axes
 - Level 2.7 Armour
 + Level 1.5 Dodging
 + Level 0.2 Stealth
 - Level 2.6 Shields


You had 4 spell levels left.
You didn't know any spells.

Dungeon Overview and Level Annotations

Branches:
Dungeon (3/15)

Altars:
Vehumet

Annotations:
D:3 Sigmund


Innate Abilities, Weirdness & Mutations

You have large cloven feet.
You are partially covered in large bone plates. (SH +4)
You have a pair of small antennae on your head.
You evolve.


Message History

You are lethally poisoned!
The orc priest hits you but does no damage.
The orc wizard miscasts a cantrip.
You hit the orc priest. You kick the orc priest.
The orc priest is heavily wounded.
You feel sick. Something completely misses you.
You block the orc priest's attack.
You closely miss the orc priest. You kick the orc priest.
The orc priest is severely wounded.
You feel very sick. You block something's attack.
The orc wizard mumbles some strange words.
The orc wizard seems to speed up.
The orc priest hits you with a club.
* * * LOW HITPOINT WARNING * * *
You feel very mighty all of a sudden.
* * * LOW HITPOINT WARNING * * *
You feel sick.
The orc priest mumbles some strange prayers to Beogh against you.
Beogh smites you!
You die...

#.##.##########
#.#....<......#
#.#.†########.# ###.#..#
o# #......# o#
####......##### o#
........).....# .# #
.###.......##.####o##....
#.......##..(@oo......
##..........###{##.###
#.##...###.## ..#
...##...##...#.....
###.##............#.# #.
##..##...##.##.#
#..###.## .# # ..... #.#
.# .#### #.#


You could see an orc priest, an orc wizard and an orc.

Vanquished Creatures
  Crazy Yiuf (D:2)
  Jessica (D:3)
  Natasha (twice) (D:2)
  A howler monkey skeleton (D:3)
  4 adders (D:2)
  2 worms (D:2)
  3 dart slugs (D:1)
  An orc (D:3)
  2 ball pythons (D:2)
  3 giant cockroaches
  4 goblins
  12 hobgoblins
  5 jackals
  4 kobolds
  8 bats
  7 frilled lizards
  7 rats
67 creatures vanquished.

Notes
Turn   | Place    | Note
-------+----------+-------------------------------------------
     0 | D:1      | t3hbunneh the Demonspawn Fighter began the quest for the Orb.
     0 | D:1      | Reached XP level 1. HP: 18/18 MP: 1/1
   209 | D:1      | Gained mutation: You are partially covered in large bone plates. (SH +4) [demonic ancestry]
   209 | D:1      | Reached XP level 2. HP: 20/24 MP: 2/2
   350 | D:1      | Gained mutation: You have large cloven feet. [demonic ancestry]
   350 | D:1      | Reached XP level 3. HP: 29/29 MP: 3/3
   645 | D:1      | Found a radiant altar of Vehumet.
  1045 | D:2      | Reached XP level 4. HP: 32/37 MP: 4/4
  1116 | D:2      | Found a runed door.
  1193 | D:2      | Reached skill level 1 in Dodging
  1204 | D:2      | Noticed Natasha
  1217 | D:2      | Killed Natasha
  1493 | D:2      | Noticed Natasha
  1569 | D:2      | Killed Natasha
  1569 | D:2      | Reached XP level 5. HP: 35/42 MP: 5/5
  1781 | D:2      | Noticed Crazy Yiuf
  1786 | D:2      | Killed Crazy Yiuf
  1798 | D:2      | Gained mutation: You are dopey. (Int -2) [potion of mutation]
  1798 | D:2      | Gained mutation: You have hoof-like feet. [potion of mutation]
  1799 | D:2      | Lost mutation: You are dopey. (Int -2) [potion of mutation]
  1799 | D:2      | Lost mutation: You have hoof-like feet. [potion of mutation]
  1799 | D:2      | Gained mutation: You have a pair of small antennae on your head. [potion of mutation]
  1799 | D:2      | Gained mutation: You evolve. [potion of mutation]
  1926 | D:3      | Noticed Jessica
  1941 | D:3      | Killed Jessica
  1983 | D:3      | Noticed Sigmund
  1998 | D:3      | Killed from afar by an orc priest

Skill      XL: |  1  2  3  4  5 |
---------------+----------------+-----
Axes           | 2 3 4 |  4.2
Dodging        | 1 |  1.5
Fighting       | 4 |  4.2
Armour         | |  2.7
Stealth        | |  0.2
Shields        | |  2.6

Action                   |  1- 3 |  4- 6 || total
-------------------------+-------+-------++-------
Melee: War axe           |   107 |    86 ||   193
       Kick              |    13 |    29 ||    42
  Use: Potion            |       |     6 ||     6
       Scroll            |       |     2 ||     2
  Eat: Chunk             |     1 |     3 ||     4
Armor: Scale mail        |    39 |    27 ||    66
Dodge: Dodged            |    22 |    24 ||    46
Block: Shield            |    74 |    55 ||   129
